 Dungeon Crawl Stone Soup version 0.29-a0-982-gaed3a0c8d8 (webtiles) character file.

Game seed: 13421080678442736125

877 sanka the Conjurer (level 8, -2/58 HPs)
             Began as a Gnoll Conjurer on Aug 1, 2022.
             Slain by a shadow (3 damage)
             ... on level 5 of the Dungeon.
             The game lasted 00:05:56 (5116 turns).

sanka the Conjurer (Gnoll Conjurer)                 Turns: 5116, Time: 00:05:57

Health: -2/58      AC:  3    Str:  8    XL:     8   Next: 4%
Magic:  12/16      EV: 13    Int: 19    God:
Gold:   254        SH:  0    Dex: 10    Spells: 15/18 levels left

rFire   . . .      SeeInvis .   i - +2 dagger (elec)
rCold   . . .      Faith    .   (no shield)
rNeg    . . .      Spirit   .   a - +0 robe
rPois   .          Reflect  .   j - +0 helmet
rElec   .          Harm     .   (no cloak)
rCorr   .          Rampage  .   (no gloves)
Will    .....                   (no boots)
Stlth   ++........              (no amulet)
HPRegen 0.19/turn               (no ring)
MPRegen 0.15/turn               (no ring)

@: about to teleport, very slow
A: fangs 1, strong nose, distributed training
a: no special abilities


You were on level 5 of the Dungeon.
You visited 1 branch of the dungeon, and saw 5 of its levels.

You collected 254 gold pieces.


Innate Abilities, Weirdness & Mutations

You have very sharp teeth.
Your uncanny sense of smell can sniff out nearby items.
Your experience applies equally to all skills.


   Skills:
 + Level 3.0 Fighting
 + Level 3.0 Short Blades
 + Level 3.0 Long Blades
 + Level 3.0 Axes
 + Level 3.0 Maces & Flails
 + Level 3.0 Polearms
 + Level 3.0 Staves
 + Level 3.0 Ranged Weapons
 + Level 3.0 Throwing
 + Level 3.0 Armour
 + Level 5.5 Dodging
 + Level 5.2 Stealth
 + Level 3.0 Shields
 + Level 3.0 Unarmed Combat
 + Level 5.9 Spellcasting
 + Level 7.5 Conjurations
 + Level 2.4 Hexes
 + Level 2.4 Summonings
 + Level 2.4 Necromancy
 + Level 2.4 Translocations
 + Level 2.4 Transmutations
 + Level 2.4 Fire Magic
 + Level 2.4 Ice Magic
 + Level 2.4 Air Magic
 + Level 2.4 Earth Magic
 + Level 2.4 Poison Magic
 + Level 3.3 Invocations
 + Level 3.0 Evocations


You had 15 spell levels left.
You knew the following spells:

 Your Spells              Type           Power      Damage    Failure   Level
x - Searing Ray           Conj           68%        2d6       1%          2
z - Magic Dart            Conj           100%       1d8       1%          1

Your spell library contained the following spells:

 Spells                   Type           Power      Damage    Failure   Level
 Dazzling Flash           Conj/Hex       48%        N/A       4%          3
 Call Canine Familiar     Summ           14%        N/A       12%         3
 Gell's Gravitas          Tloc           14%        N/A       12%         3
 Portal Projectile        Hex/Tloc       28%        N/A       12%         3
 Teleport Other           Tloc           14%        N/A       12%         3
 Fulminant Prism          Conj/Hex       12%        3d9       14%         4
 Iskenderun's Mystic Bla  Conj/Tloc      24%        2d7       14%         4
 Leda's Liquefaction      Hex/Erth       7%         N/A       38%         4
 Dispersal                Tloc           7%         N/A       99%         6

Inventory:

Hand Weapons
 i - a +2 dagger of electrocution (weapon)
 q - a +2 morningstar of protection
Missiles
 f - 2 curare-tipped darts {=f}
 o - 2 poisoned darts
Armour
 a - a +0 robe (worn)
 j - a +0 helmet (worn)
Jewellery
 u - the amulet "Ozuecsit" {rC+ Regen+ Dex+5}

   [amulet of regeneration]

   Dex:       It affects your dexterity (+5).
   rC:        It protects you from cold.
   Regen:     It increases your rate of health regeneration.
Wands
 n - a wand of flame (15)
Scrolls
 c - 2 scrolls of teleportation {@r4}
 d - a scroll of immolation {unknown}
 m - 2 scrolls of enchant weapon {unknown}
 p - a scroll of fog {unknown}
 r - a scroll of amnesia {unknown}
 w - a scroll of identify {unknown}
Potions
 b - 2 potions of magic
 e - 3 potions of curing {unknown}
 g - 3 potions of haste {unknown}
 h - 2 potions of lignification {unknown}
 k - a potion of heal wounds {unknown}
 l - 2 potions of might {unknown}
 s - a potion of invisibility {unknown}
 t - 2 potions of flight {unknown}
 v - a potion of mutation {unknown}

Dungeon Overview and Level Annotations

Branches:
Dungeon (5/15)             Temple (0/1) D:5

Altars:
Dithmenos
Nemelex Xobeh
Uskayaw

Shops:
D:5

* ...▒.▒ ▒.▒ ▒.▒ ▒▒≈≈...▒▒▒..▒▒▒▒
▒..▒.▒▒▒+▒▒▒.▒ ▒▒≈▒▒▒▒.≈≈▒▒▒▒
▒▒...▒▒▒_+...▒ ▒.▒▒ +▒▒≈≈...
▒...▒▒▒+▒▒▒.▒ ▒.▒ ▒▒▒▒.. ▒...▒
▒.▒ ▒.▒ ▒.▒.....▒ ▒...▒▒▒.▒▒▒.▒
▒.▒PP.≈.▒ ▒ ▒▒...........▒
▒≈▒£.≈P?▒.....▒ ▒▒
▒........▒.▒▒▒▒▒W▒≈...)▒PP.P.▒▒▒.
▒........▒....▒▒g▒≈≈≈≈S▒≈P≈./▒...
...▒▒▒....▒▒...▒≈▒▒≈SS▒▒..[(£▒...
..▒▒ ▒▒........▒▒≈▒▒▒▒▒▒≈SS≈S▒...
.▒▒ ▒▒......▒▒▒▒...))▒▒≈≈S▒▒..^
▒▒ ▒.....▒▒ ▒▒▒▒▒▒≈▒▒▒▒▒..▒. .▒
▒▒....▒ ▒▒≈...'..▒▒ .▒▒ ▒...▒▒
▒▒▒▒▒▒.▒▒ ..▒ ▒..▒▒ ▒▒▒ ▒▒▒ ▒▒▒▒


You could see a shadow.


Message History

You enter the shallow water.
You enter the shallow water.
The shadow strikes at you from the darkness!
Ouch! That really hurt!
* * * LOW HITPOINT WARNING * * *
Reactivating autopickup.
The shadow hits you.
* * * LOW HITPOINT WARNING * * *
Unknown command.
Aiming: Searing Ray (safe; 1% risk of failure)
Aim: a shadow (moderately damaged, 81% to hit)
The searing ray misses the shadow. (Press . to maintain the ray.)
The shadow hits you!
* * * LOW HITPOINT WARNING * * *
The searing ray hits the shadow.
The shadow is moderately damaged.
The shadow hits you.
The searing ray hits the shadow but does no damage.
The shadow is moderately damaged.
The shadow hits you!
* * * LOW HITPOINT WARNING * * *
Okay, then.
As you read the scroll labelled YRAERPHO PETIAF, it crumbles to dust.
You feel strangely unstable.
It was a scroll of teleportation.
The shadow closely misses you. The shadow attacks as you move away!
The shadow hits you.
You die...

Action                   |  1- 3 |  4- 6 |  7- 9 || total
-------------------------+-------+-------+-------++-------
Melee: Dagger            |     6 |     1 |       ||     7
 Cast: Magic Dart        |    63 |    40 |    28 ||   131
       Searing Ray       |     3 |    11 |    14 ||    28
  Use: Scroll            |       |       |     1 ||     1
Armor: Robe              |       |     1 |     3 ||     4
Dodge: Dodged            |     4 |     5 |     5 ||    14

Levels and vault maps discovered:
D:1:      psy_arrival_terrarium, layout_loops_ring,
          ebering_ecumenical_altar_hall
D:2:      layout_rooms
D:3:      layout_loops_cross, mainiacjoe_overflow_catwalk
D:4:      layout_loops_ring, nicolae_dithmenos_through_a_glass_darkly,
          solitary_fountain
D:5:      cheibrodos_two_vegetables, layout_layer_cave, lemuel_doored_altar,
          lemuel_coloured_pillars_altar, minmay_temple_entry_proselytizer,
          nicolae_shop_sticking_my_neck_out

Notes
Turn   | Place    | Note
-------+----------+-------------------------------------------
     0 | D:1      | sanka the Gnoll Conjurer began the quest for the Orb.
     0 | D:1      | Reached XP level 1. HP: 13/13 MP: 6/6
   319 | D:1      | Reached XP level 2. HP: 19/19 MP: 4/7
   511 | D:1      | Found a faded altar of an unknown god.
  1123 | D:1      | Learned a level 2 spell: Searing Ray
  1282 | D:2      | Reached skill level 5 in Spellcasting
  1282 | D:2      | Reached XP level 3. HP: 25/25 MP: 2/9
  1287 | D:2      | Reached skill level 1 in Invocations
  1736 | D:3      | Found a hide-covered altar of Uskayaw.
  1745 | D:3      | Reached skill level 1 in Fighting
  1745 | D:3      | Reached skill level 1 in Short Blades
  1745 | D:3      | Reached skill level 1 in Long Blades
  1745 | D:3      | Reached skill level 1 in Axes
  1745 | D:3      | Reached skill level 1 in Maces & Flails
  1745 | D:3      | Reached skill level 1 in Polearms
  1745 | D:3      | Reached skill level 1 in Staves
  1745 | D:3      | Reached skill level 1 in Ranged Weapons
  1745 | D:3      | Reached skill level 1 in Throwing
  1745 | D:3      | Reached skill level 1 in Armour
  1745 | D:3      | Reached skill level 1 in Shields
  1745 | D:3      | Reached skill level 1 in Unarmed Combat
  1745 | D:3      | Reached skill level 1 in Evocations
  2185 | D:3      | Reached XP level 4. HP: 32/32 MP: 8/11
  2461 | D:4      | Reached skill level 1 in Hexes
  2461 | D:4      | Reached skill level 1 in Summonings
  2461 | D:4      | Reached skill level 1 in Necromancy
  2461 | D:4      | Reached skill level 1 in Translocations
  2461 | D:4      | Reached skill level 1 in Transmutations
  2461 | D:4      | Reached skill level 1 in Fire Magic
  2461 | D:4      | Reached skill level 1 in Ice Magic
  2461 | D:4      | Reached skill level 1 in Air Magic
  2461 | D:4      | Reached skill level 1 in Earth Magic
  2461 | D:4      | Reached skill level 1 in Poison Magic
  2581 | D:4      | Found a shadowy altar of Dithmenos.
  2611 | D:4      | Noticed a scorpion
  2614 | D:4      | Killed a scorpion
  2615 | D:4      | Reached XP level 5. HP: 37/37 MP: 7/12
  2683 | D:4      | Noticed an ogre
  2689 | D:4      | Killed an ogre
  2690 | D:4      | Reached skill level 2 in Invocations
  2690 | D:4      | Reached XP level 6. HP: 44/44 MP: 5/13
  3366 | D:5      | Entered Level 5 of the Dungeon
  3383 | D:5      | Reached skill level 2 in Fighting
  3383 | D:5      | Reached skill level 2 in Short Blades
  3383 | D:5      | Reached skill level 2 in Long Blades
  3383 | D:5      | Reached skill level 2 in Axes
  3383 | D:5      | Reached skill level 2 in Maces & Flails
  3383 | D:5      | Reached skill level 2 in Polearms
  3383 | D:5      | Reached skill level 2 in Staves
  3383 | D:5      | Reached skill level 2 in Ranged Weapons
  3383 | D:5      | Reached skill level 2 in Throwing
  3383 | D:5      | Reached skill level 2 in Armour
  3383 | D:5      | Reached skill level 5 in Dodging
  3383 | D:5      | Reached skill level 2 in Shields
  3383 | D:5      | Reached skill level 2 in Unarmed Combat
  3383 | D:5      | Reached skill level 2 in Evocations
  3424 | D:5      | Found Kusoor's Neck Hole.
  3427 | D:5      | Found a staircase to the Ecumenical Temple.
  3745 | D:5      | Identified the amulet "Ozuecsit" {rC+ Regen+ Dex+5}
  3799 | D:5      | Reached XP level 7. HP: 51/51 MP: 9/15
  3978 | D:5      | Reached skill level 2 in Hexes
  3978 | D:5      | Reached skill level 2 in Summonings
  3978 | D:5      | Reached skill level 2 in Necromancy
  3978 | D:5      | Reached skill level 2 in Translocations
  3978 | D:5      | Reached skill level 2 in Transmutations
  3978 | D:5      | Reached skill level 2 in Fire Magic
  3978 | D:5      | Reached skill level 2 in Ice Magic
  3978 | D:5      | Reached skill level 2 in Air Magic
  3978 | D:5      | Reached skill level 2 in Earth Magic
  3978 | D:5      | Reached skill level 2 in Poison Magic
  4324 | D:5      | Reached skill level 5 in Stealth
  4397 | D:5      | Reached skill level 3 in Invocations
  4793 | D:5      | Found a sparkling altar of Nemelex Xobeh.
  4973 | D:5      | Reached skill level 3 in Fighting
  4973 | D:5      | Reached skill level 3 in Short Blades
  4973 | D:5      | Reached skill level 3 in Long Blades
  4973 | D:5      | Reached skill level 3 in Axes
  4973 | D:5      | Reached skill level 3 in Maces & Flails
  4973 | D:5      | Reached skill level 3 in Polearms
  4973 | D:5      | Reached skill level 3 in Staves
  4973 | D:5      | Reached skill level 3 in Ranged Weapons
  4973 | D:5      | Reached skill level 3 in Throwing
  4973 | D:5      | Reached skill level 3 in Armour
  4973 | D:5      | Reached skill level 3 in Shields
  4973 | D:5      | Reached skill level 3 in Unarmed Combat
  4973 | D:5      | Reached skill level 3 in Evocations
  4973 | D:5      | Reached XP level 8. HP: 58/58 MP: 7/16
  5098 | D:5      | Noticed a shadow
  5113 | D:5      | HP: 1/58 [shadow (12)]
  5116 | D:5      | Slain by a shadow

Vanquished Creatures
  3 ogres
  A necrophage (D:5)
  3 scorpions
  A hound (D:5)
  A jelly (D:5)
  An orc priest (D:5)
  2 gnoll boudas (D:5)
  2 iguanas (D:5)
  2 orc wizards
  3 gnolls (D:5)
  2 adders
  2 white imps (D:5)
  4 worms
  A dart slug (D:4)
  6 orcs
  5 endoplasms
  5 giant cockroaches
  8 goblins
  4 hobgoblins
  8 kobolds
  A quokka (D:5)
  2 ball pythons
  4 bats
  A frilled lizard (D:2)
  4 rats
76 creatures vanquished.
